 Dungeon Crawl Stone Soup version 0.19.4-12-gccf7e64 (webtiles) character file.

116 vatarom the Gusty (level 5, -5/28 HPs)
             Began as a Tengu Air Elementalist on Feb 27, 2017.
             Killed by divine providence
             ... invoked by an orc priest
              (10 damage)
             ... on level 3 of the Dungeon.
             The game lasted 00:06:37 (2735 turns).

vatarom the Gusty (Tengu Air Elementalist)          Turns: 2735, Time: 00:06:38

Health: -5/28      AC:  2    Str:  8    XL:     5   Next: 1%
Magic:  2/9        EV: 13    Int: 16    God:
Gold:   118        SH:  0    Dex: 15    Spells: 3 memorised, 3 levels left

rFire  . . .     SeeInvis .     (no weapon)
rCold  . . .     Gourm    .     a - +0 robe
rNeg   . . .     Faith    .     (no shield)
rPois  .         Spirit   .     (helmet restricted)
rElec  .         Reflect  .     (no cloak)
rCorr  .         Harm     .     (no gloves)
MR     .....                    (boots unavailable)
Stlth  ++........               (no amulet)
                                (no ring)
                                (no ring)

@: very slightly contaminated
A: beak, talons 3, able to fly 1
a: Fly


You were on level 3 of the Dungeon.
You were not hungry.

You visited 1 branch of the dungeon, and saw 3 of its levels.

You collected 118 gold pieces.

Inventory:

Armour
 a - a +0 robe (worn)
Scrolls
 d - 2 scrolls of remove curse
 e - 2 scrolls of identify
 i - a scroll of recharging
Potions
 f - a potion of curing
 h - a potion of mutation {unknown}
Books
 b - a book of Air

   Spells                             Type                      Level
   a - Shock                          Conjuration/Air              1
   b - Swiftness                      Charms/Air                   2
   c - Repel Missiles                 Charms/Air                   2
   d - Static Discharge               Conjuration/Air              3
   e - Lightning Bolt                 Conjuration/Air              5
Comestibles
 c - 3 bread rations


   Skills:
 - Level 2.1 Dodging
 - Level 2.0 Stealth
 - Level 2.0 Spellcasting
 - Level 1.3 Conjurations
 + Level 7.3 Air Magic


You had 3 spell levels left.
You knew the following spells:

 Your Spells              Type           Power        Failure   Level  Hunger
a - Shock                 Conj/Air       ###.         4%          1    #......
b - Repel Missiles        Chrm/Air       ##....       10%         2    ###....
c - Swiftness             Chrm/Air       ##......     10%         2    ###....


Dungeon Overview and Level Annotations

Branches:
Dungeon (3/15)

Altars:
Gozag

Annotations:
D:3 Mesmaeker13's ghost, amateur DsFi


Innate Abilities, Weirdness & Mutations

You have a beak for a mouth.
You have claws for feet.
You can fly.


Message History

The zap misses the hungry ghost.
A kobold and an orc come into view.
The kobold is wielding a whip of electrocution.
Casting: Shock
Confirm with . or Enter, or press ? or * to list all spells.
Aiming: Shock
Press: ? - help, Shift-Dir - straight line, f/p - orc priest
Aim: an orc priest (moderately wounded)
The zap hits the orc priest.
The orc priest is heavily wounded.
The zap hits the kobold.
You kill the kobold!
The orc shouts!
The orc priest calls down the wrath of Beogh upon you.
Beogh smites you!
Ouch! That really hurt!
* * * LOW HITPOINT WARNING * * *
The orc priest invokes the aid of Beogh against you.
Beogh smites you!
You die... #. #.#.# #..#.#.# ##..#.#.# # ### +# ......... #.## #.# #.#.##..#.... ....##.######.#.##....... # ...................#.#.# ).. #...............#.#.# .oWo#

#.).@.......##..#....
......#..#####.#..##..#...#
....oo...# #<..............
..$.#....####.............#
#.....................#..##
.........####.#...##..ยง....
#.###.............##..#....
. .....####.#.......##...
##....# #.#..###... ..#


You could see an orc priest and an orc.

Vanquished Creatures
  4 adders (D:2)
  A worm (D:2)
  A dart slug (D:2)
  5 leopard geckos
  7 bats
  A giant cockroach (D:2)
  11 goblins
  11 hobgoblins
  4 jackals (D:2)
  A quokka (D:2)
  5 frilled lizards
  7 kobolds
  6 rats
64 creatures vanquished.

Notes
Turn   | Place    | Note
-------+----------+-------------------------------------------
     0 | D:1      | vatarom the Tengu Air Elementalist began the quest for the Orb.
     0 | D:1      | Reached XP level 1. HP: 10/10 MP: 4/4
   186 | D:1      | Reached XP level 2. HP: 8/15 MP: 0/6
   255 | D:1      | Learned a level 2 spell: Repel Missiles
   258 | D:1      | Learned a level 2 spell: Swiftness
   317 | D:1      | Reached skill level 5 in Air Magic
   582 | D:1      | Reached XP level 3. HP: 19/19 MP: 3/7
  1175 | D:2      | Reached skill level 6 in Air Magic
  1438 | D:2      | Reached XP level 4. HP: 23/24 MP: 4/8
  1742 | D:2      | Found an opulent altar of Gozag.
  1893 | D:3      | Noticed Mesmaeker13's ghost (amateur DsFi)
  2131 | D:3      | Reached skill level 7 in Air Magic
  2724 | D:3      | Gained mutation: You can fly. [Tengu growth]
  2724 | D:3      | Reached XP level 5. HP: 28/28 MP: 6/9
  2731 | D:3      | Noticed a hungry ghost
  2735 | D:3      | Killed from afar by an orc priest

Skill      XL: |  1  2  3  4 |
---------------+-------------+-----
Air Magic      | 5 6 7 |  7.3
Dodging        | |  2.1
Stealth        | |  2.0
Spellcasting   | |  2.0
Conjurations   | |  1.3

Action                   |  1- 3 |  4- 6 || total
-------------------------+-------+-------++-------
Melee: Unarmed           |    13 |     6 ||    19
       Peck              |     2 |     1 ||     3
       Kick              |       |     1 ||     1
 Cast: Shock             |    59 |    77 ||   136
       Repel Missiles    |     1 |       ||     1
  Use: Scroll            |     3 |     2 ||     5
       Potion            |     2 |     1 ||     3
  Eat: Fruit             |     1 |     1 ||     2
       Royal jelly       |     1 |       ||     1
       Chunk             |       |     3 ||     3
       Bread ration      |       |     1 ||     1
Armor: Robe              |     7 |     8 ||    15
Dodge: Dodged            |    25 |    20 ||    45
       Deflected         |     1 |       ||     1
